 Dungeon Crawl Stone Soup version 0.23.0 (webtiles) character file.

Game seed: 13150714085516184055

461 Laan the Stinger (level 7, 0/36 HPs)
             Began as a Kobold Venom Mage on Feb 14, 2019.
             Slain by a bullfrog zombie (1 damage)
             ... on level 5 of the Dungeon.
             The game lasted 00:15:32 (7328 turns).

Laan the Stinger (Kobold Venom Mage)                Turns: 7328, Time: 00:15:33

Health: 0/36       AC:  2    Str:  5    XL:     7   Next: 28%
Magic:  9/10       EV: 15    Int: 18    God:
Gold:   255        SH:  0    Dex: 16    Spells: 9/10 levels left

rFire    . . .     SeeInvis .   w - +2 dagger (venom)
rCold    . . .     Gourm    .   (shield restricted)
rNeg     . . .     Faith    .   u - +0 robe
rPois    .         Spirit   .   (no helmet)
rElec    .         Reflect  .   (no cloak)
rCorr    .         Harm     .   (no gloves)
MR       .....                  (no boots)
Stlth    ++........             (no amulet)
HPRegen  0.12/turn              m - ring of flight
MPRegen  0.12/turn              (no ring)

@: no status effects
A: small, carnivore
a: Evoke Flight


You were on level 5 of the Dungeon.
You were very full.

You visited 2 branches of the dungeon, and saw 6 of its levels.

You collected 255 gold pieces.

Inventory:

Hand Weapons
 a - a +0 blowgun
 b - a +0 short sword
 w - a +2 dagger of venom (weapon)
Missiles
 v - 15 poisoned needles
Armour
 u - a +0 robe (worn)
Jewellery
 m - a ring of flight (left hand)
Scrolls
 e - a scroll of enchant armour {unknown}
 g - 5 scrolls of identify {unknown}
 i - a scroll of enchant weapon {unknown}
 j - 3 scrolls of teleportation {unknown}
 l - a scroll of magic mapping {unknown}
 p - 2 scrolls of remove curse {unknown}
 q - a scroll of random uselessness {unknown}
 r - a scroll of fear {unknown}
 s - a scroll of amnesia {unknown}
 x - a scroll of immolation {unknown}
Potions
 d - a potion of agility
 f - a potion of haste {unknown}
 h - 2 potions of invisibility {unknown}
 k - a potion of flight {unknown}
 n - a potion of degeneration {unknown}
 o - 2 potions of curing {unknown}
 t - a potion of resistance {unknown}
Comestibles
 c - 3 rations


   Skills:
 - Level 2.4 Dodging
 - Level 2.6 Stealth
 - Level 2.1 Spellcasting
 + Level 4.0 Conjurations
 * Level 6.6 Poison Magic


You had 9 spell levels left.
You knew the following spells:

 Your Spells              Type           Power        Failure   Level  Hunger
a - Sting                 Conj/Pois      ###.         1%          1    #......

Your spell library contained the following spells:

 Spells                   Type           Power        Failure   Level  Hunger
 Poisonous Vapours        Pois/Air       ##....       7%          2    ###....
 Mephitic Cloud           Conj/Pois/Air  ##......     12%         3    ###....
 Olgreb's Toxic Radiance  Pois           ####....     12%         4    #####..
 Venom Bolt               Conj/Pois      ###.......   50%         5    ######.


Dungeon Overview and Level Annotations

Branches:
Dungeon (5/15)             Temple (1/1) D:4

Altars:
Ashenzari
Cheibriados
Dithmenos
Elyvilon
Fedhas
Gozag
Hepliaklqana
Kikubaaqudgha
Makhleb
Nemelex Xobeh
Ru
Sif Muna
Trog
Uskayaw
Wu Jian
Xom
Yredelemnul
Zin
The Shining One


Innate Abilities, Weirdness & Mutations

You are small and have problems with some larger weapons.
You are carnivorous and can eat meat at any time.


Message History

The bullfrog zombie completely misses you.
You hit the bullfrog zombie.
The bullfrog zombie is heavily damaged.
The bullfrog zombie closely misses you. The bullfrog zombie hits you.
You are too injured to fight recklessly!
You hit the bullfrog zombie.
The bullfrog zombie is heavily damaged.
The bullfrog zombie hits you.
You hit the bullfrog zombie.
The bullfrog zombie is severely damaged.
The bullfrog zombie hits you.
* * * LOW HITPOINT WARNING * * *
You hit the bullfrog zombie.
The bullfrog zombie is almost destroyed.
The bullfrog zombie misses you. The bullfrog zombie hits you!
* * * LOW HITPOINT WARNING * * *
You hit the bullfrog zombie.
The bullfrog zombie is almost destroyed.
The bullfrog zombie hits you.
You die...

..........###
.....#.##.>..### .....##
#......# .....###......#
..#..........##
#.#.##.......## . #
###.#............
....#.##...##..........#
...).$Z@....#..........#
.........#....###...#.##
............#.##....###
...............#....#
...........#..####..#
..........##### ####
....####.## ##.# #.# #


You could see a bullfrog zombie.

Vanquished Creatures
  4 orc wizards
  2 orc priests
  A centaur skeleton (D:4)
  A worker ant (D:4)
  Robin (D:3)
  7 gnolls
  3 adders (D:3)
  4 oozes
  A worm (D:2)
  A dart slug (D:1)
  3 leopard geckos
  13 orcs
  2 giant cockroaches (D:1)
  14 hobgoblins
  11 jackals
  6 bats
  8 frilled lizards
  12 goblins
  9 kobolds
  7 rats
110 creatures vanquished.

Notes
Turn   | Place    | Note
-------+----------+-------------------------------------------
     0 | D:1      | Laan the Kobold Venom Mage began the quest for the Orb.
     0 | D:1      | Reached XP level 1. HP: 10/10 MP: 3/3
   712 | D:1      | Reached XP level 2. HP: 15/15 MP: 1/5
  1511 | D:2      | Reached XP level 3. HP: 19/19 MP: 2/6
  2020 | D:2      | Reached skill level 4 in Poison Magic
  2487 | D:2      | Reached XP level 4. HP: 24/24 MP: 5/7
  2752 | D:3      | Noticed Robin
  3172 | D:2      | Reached XP level 5. HP: 17/28 MP: 0/8
  3689 | D:3      | Reached skill level 5 in Poison Magic
  4369 | D:3      | Found a basalt altar of Yredelemnul.
  4395 | D:3      | Reached XP level 6. HP: 32/32 MP: 7/9
  4534 | D:3      | Killed Robin
  5289 | D:4      | Reached skill level 6 in Poison Magic
  5419 | D:4      | Found a sand-covered staircase.
  5822 | D:4      | Found a staircase to the Ecumenical Temple.
  5958 | D:4      | Reached XP level 7. HP: 36/36 MP: 4/10
  6050 | Temple   | Entered the Ecumenical Temple
  6926 | D:5      | Entered Level 5 of the Dungeon
  7327 | D:5      | HP: 1/36 [bullfrog zombie (7)]
  7328 | D:5      | Slain by a bullfrog zombie

Skill      XL: |  1  2  3  4  5  6  7 |
---------------+----------------------+-----
Poison Magic   | 4 5 6 |  6.6
Conjurations   | 2 3 4 |  4.0
Dodging        | |  2.4
Stealth        | |  2.6
Spellcasting   | |  2.1

Action                   |  1- 3 |  4- 6 |  7- 9 || total
-------------------------+-------+-------+-------++-------
Melee: Unarmed           |     1 |       |       ||     1
       Short sword       |    12 |    24 |    44 ||    80
       Dagger            |       |       |    13 ||    13
 Fire: Blowgun           |       |       |     5 ||     5
 Cast: Sting             |    89 |   199 |    24 ||   312
  Eat: Chunk             |    14 |    13 |     4 ||    31
Armor: Robe              |     3 |     7 |     2 ||    12
Dodge: Dodged            |    17 |    86 |    38 ||   141
